 Dungeon Crawl Stone Soup version 0.29.1-15-g9cfb28693d (webtiles) character file.

Game seed: 7857130792482504015

155 fleeber the Shooter (level 5, 0/42 HPs)
             Began as a Barachi Hunter on Mar 16, 2023.
             Slain by a gnoll
             ... wielding a +0 flail
              (10 damage)
             ... on level 3 of the Dungeon.
             The game lasted 00:03:29 (1496 turns).

fleeber the Shooter (Barachi Hunter)                Turns: 1496, Time: 00:03:30

Health: 0/42       AC: 11    Str: 12    XL:     5   Next: 37%
Magic:  5/5        EV: 11    Int: 10    God:
Gold:   134        SH:  0    Dex: 17    Spells: 4/4 levels left

rFire   + . .      SeeInvis .   a - +0 shortbow
rCold   . . .      Faith    .   (shield currently unavailable)
rNeg    . . .      Spirit   .   h - +0 ring mail
rPois   .          Reflect  .   (no helmet)
rElec   .          Harm     .   d - +1 cloak
rCorr   .          Rampage  .   (no gloves)
Will    .....                   (no boots)
Stlth   +.........              (no amulet)
HPRegen 0.14/turn               f - +4 ring of protection
MPRegen 0.09/turn               g - ring of protection from fire

@: slow
A: amphibious, slowness 1, strong legs 1, +LOS
a: Hop


You were on level 3 of the Dungeon.
You visited 1 branch of the dungeon, and saw 3 of its levels.

You collected 134 gold pieces.

Inventory:

Hand Weapons
 a - a +0 shortbow (weapon)
Armour
 d - a +1 cloak (worn)
 h - a +0 ring mail (worn)
Jewellery
 f - a +4 ring of protection (left hand)
 g - a ring of protection from fire (right hand)
 j - a ring of ice
Scrolls
 b - a scroll of immolation
 i - 3 scrolls of identify {unknown}
 m - 2 scrolls of enchant weapon {unknown}
 n - 2 scrolls of noise {unknown}
Potions
 c - 2 potions of heal wounds {unknown}
 e - a potion of flight {unknown}
 k - 2 potions of might {unknown}
 l - a potion of attraction {unknown}
 o - a potion of experience {unknown}
 p - a potion of mutation {unknown}


   Skills:
 + Level 3.8 Fighting
 * Level 5.4 Ranged Weapons
 + Level 3.4 Dodging
 - Level 0.8 Stealth


You had 4 spell levels left.
You didn't know any spells.
Your spell library was empty.

Dungeon Overview and Level Annotations

Branches:
Dungeon (3/15)

Altars:


Innate Abilities, Weirdness & Mutations

You are amphibious.
You cover ground slowly.
You can hop short distances.
You have an extended range of vision and can be seen from far away.


Message History

The gnoll barely misses you. The gnoll hits you with a +0 flail.
You shoot an arrow. The arrow hits the gnoll.
The gnoll is heavily wounded.
The gnoll closely misses you. The gnoll barely misses you.
You shoot an arrow.
The arrow hits the gnoll but does no damage.
The gnoll is heavily wounded.
The gnoll hits you with a +0 flail. The gnoll closely misses you.
The gnoll barely misses you. The gnoll hits you but does no damage.
You are too injured to fight recklessly!
Fire: a) +0 shortbow
Press: ? - help, Q - select action, (/) - cycle Shift-Dir - straight line, f/p - gnoll
Aim: a gnoll, wielding a +0 club (heavily wounded, 66% to hit)
You shoot an arrow. The arrow hits the gnoll.
The gnoll is severely wounded.
The gnoll hits you with a +0 club. The gnoll hits you but does no damage.
Fire: a) +0 shortbow
Press: ? - help, Q - select action, (/) - cycle Shift-Dir - straight line, f/p - gnoll
Aim: a gnoll, wielding a +0 club (severely wounded, 66% to hit)
You shoot an arrow. The arrow closely misses the gnoll.
The gnoll hits you with a +0 club. The gnoll misses you.
Fire: a) +0 shortbow
Press: ? - help, Q - select action, (/) - cycle Shift-Dir - straight line, f/p - gnoll
Aim: a gnoll, wielding a +0 club (severely wounded, 66% to hit)
You shoot an arrow. The arrow closely misses the gnoll.
The gnoll hits you with a +0 flail. The gnoll hits you with a +0 club.
The gnoll barely misses you. The gnoll hits you with a +0 flail!
* * * LOW HITPOINT WARNING * * *
Fire: a) +0 shortbow
Press: ? - help, Q - select action, (/) - cycle Shift-Dir - straight line, f/p - gnoll
Aim: a gnoll, wielding a +0 club (severely wounded, 66% to hit)
You shoot an arrow. The arrow hits the gnoll!
You kill the gnoll!
The gnoll hits you but does no damage.
Fire: a) +0 shortbow
Press: ? - help, Q - select action, (/) - cycle Shift-Dir - straight line, f - gnoll
Aim: a gnoll, wielding a +0 flail (66% to hit)
You shoot an arrow. The arrow closely misses the gnoll.
The gnoll hits you with a +0 flail!
You die...

#..# #..# #..#
######### # #..#
#.......#
#.####..#
#.......#
#..<..... ..
#.......#
######### .$g.
#.......#
#.......>
......###.)@....#
#.#######
........)..g....+
#.#
.......##.......#
#.##### ......
#.......+ #.....#
..... #.......#
#####.# ....
+.......# #.# ##+
#.......########.#
#.....#..........#
#.###.#..#########


You could see a gnoll.

Vanquished Creatures
  A phantom (D:2)
  3 gnolls (D:3)
  An adder (D:2)
  4 bats
  3 endoplasms
  A giant cockroach (D:1)
  A hobgoblin (D:1)
  8 jackals
  6 kobolds
  A quokka (D:1)
  A ball python (D:2)
  4 frilled lizards (D:1)
  5 goblins
  A rat (D:2)
40 creatures vanquished.

Notes
Turn   | Place    | Note
-------+----------+-------------------------------------------
     0 | D:1      | fleeber the Barachi Hunter began the quest for the Orb.
     0 | D:1      | Reached XP level 1. HP: 17/17 MP: 1/1
    97 | D:1      | Reached XP level 2. HP: 21/23 MP: 2/2
   119 | D:1      | Found a faded altar of an unknown god.
   428 | D:1      | Reached XP level 3. HP: 28/28 MP: 3/3
   730 | D:2      | Noticed a phantom
   744 | D:2      | Killed a phantom
   745 | D:2      | Reached skill level 5 in Ranged Weapons
   745 | D:2      | Reached XP level 4. HP: 22/35 MP: 4/4
   967 | D:2      | Reached XP level 5. HP: 41/41 MP: 5/5
  1496 | D:3      | Slain by a gnoll

Illustrated notes

Levels and vault maps discovered:
D:1:      lemuel_arrival_tunnels, layout_rooms,
          dreamdust_ecumenical_altar_angels_and_demons, minmay_misc_feat_chi,
          minmay_lizard_pond
D:2:      layout_basic, dreamdust_princess_bridge
D:3:      layout_basic, serial_shops,
          nicolae_shop_temple_entry_statues_fountains, uniq_robin, uniq_natasha

Skill      XL: |  1  2  3 |
---------------+----------+-----
Fighting       | 3 |  3.8
Ranged Weapons | 5 |  5.4
Dodging        | 3 |  3.4
Stealth        | |  0.8

Action                   |  1- 3 |  4- 6 || total
-------------------------+-------+-------++-------
 Fire: Shortbow          |    85 |    50 ||   135
Armor: Leather armour    |     3 |       ||     3
       Ring mail         |    26 |    14 ||    40
Dodge: Dodged            |    43 |    20 ||    63
